 Dungeon Crawl Stone Soup version 0.24-a0-201-gf205589 (console) character file.

Game seed: 16984639780534439790

224 bli the Ducker (level 6, -3/48 HPs)
             Began as a Merfolk Monk on Mar 20, 2019.
             Killed by divine providence
             ... invoked by an orc priest
              (8 damage)
             ... on level 3 of the Dungeon.
             The game lasted 00:11:02 (3450 turns).

bli the Ducker (Merfolk Monk)                       Turns: 3450, Time: 00:11:03

Health: -3/48      AC:  4    Str: 11    XL:     6   Next: 0%
Magic:  6/6        EV: 16    Int:  9    God:
Gold:   64         SH:  0    Dex: 19    Spells: 5/5 levels left

rFire    . . .     SeeInvis .   a - +0 falchion
rCold    . . .     Gourm    .   (no shield)
rNeg     . . .     Faith    .   b - +0 robe
rPois    .         Spirit   .   (no helmet)
rElec    .         Reflect  .   l - +0 cloak
rCorr    .         Harm     .   i - +0 pair of gloves
MR       .....                  (no boots)
Stlth    ++........             (no amulet)
HPRegen  0.16/turn              (no ring)
MPRegen  0.10/turn              (no ring)

@: no status effects
A: change form in water, swift swim, stealthy swim
a: no special abilities


You were on level 3 of the Dungeon.
You were not hungry.

You visited 1 branch of the dungeon, and saw 4 of its levels.

You collected 64 gold pieces.

Inventory:

Hand Weapons
 a - a +0 falchion (weapon)
 g - a +0 dagger
 r - a +4 war axe of chopping
Missiles
 n - 35 stones (quivered)
 o - 6 tomahawks of returning
Armour
 b - a +0 robe (worn)
 i - a +0 pair of gloves (worn)
 l - a +0 cloak (worn)
Scrolls
 e - 2 scrolls of identify {unknown}
 f - a scroll of fog {unknown}
 h - 2 scrolls of teleportation {unknown}
 j - a scroll of immolation {unknown}
 k - 2 scrolls of remove curse {unknown}
Potions
 d - a potion of curing {unknown}
 p - a potion of might {unknown}
 q - a potion of degeneration {unknown}
Comestibles
 c - 5 rations


   Skills:
 * Level 4.3 Fighting
 + Level 5.4 Long Blades
 + Level 0.4 Throwing
 + Level 5.4 Dodging
 + Level 2.8 Stealth


You had 5 spell levels left.
You didn't know any spells.
Your spell library was empty.

Dungeon Overview and Level Annotations

Branches:
Dungeon (4/15)
 Temple: D:4-7

Altars:
Fedhas
Kikubaaqudgha
Nemelex Xobeh
Trog


Message History

The orc priest is heavily wounded.
The orc priest mumbles some strange prayers to Beogh against you.
Beogh smites you!
* * * LOW HITPOINT WARNING * * *
You hit the orc priest but do no damage.
The orc priest is heavily wounded.
The orc priest closely misses you.
You closely miss the orc priest.
The orc priest is heavily wounded.
The orc priest hits you with a +0 mace.
* * * LOW HITPOINT WARNING * * *
You hit the orc priest but do no damage.
The orc priest is heavily wounded.
The orc priest barely misses you.
You riposte.
You hit the orc priest.
The orc priest is almost dead.
You hit the orc priest but do no damage.
The orc priest is almost dead.
The orc priest invokes the aid of Beogh against you.
Beogh smites you!
You die...

....### ###....#.##
....... .......>.#
###.### ###....).## #
#..##.... ####
##.##.### ..^
###...#######..#.###
...
.'...+........#....
...g
#...########.#....
...g. #........#
#......
.?.(######.....#
#...... #...o@.......#
#......
#............###......
#...<........'[.....#'
#............####.....
#.......###### #....#
#.......# #.....
#.......# ....#
######### .#... .#...


You could see an orc priest.

Vanquished Creatures
  An orc priest (D:3)
  Ijyb (D:3)
  3 gnolls (D:2)
  4 adders
  2 oozes (D:1)
  3 worms
  A leopard gecko (D:1)
  3 orcs
  3 ball pythons
  12 bats
  3 giant cockroaches
  6 goblins
  8 hobgoblins
  14 jackals (D:2)
  2 quokkas (D:3)
  7 frilled lizards
  2 kobolds
  9 rats
84 creatures vanquished.

Notes
Turn   | Place    | Note
-------+----------+-------------------------------------------
     0 | D:1      | bli the Merfolk Monk began the quest for the Orb.
     0 | D:1      | Reached XP level 1. HP: 18/18 MP: 1/1
    96 | D:1      | Reached XP level 2. HP: 18/24 MP: 2/2
   681 | D:1      | Reached XP level 3. HP: 29/29 MP: 3/3
  1130 | D:2      | Found a blossoming altar of Fedhas.
  1346 | D:2      | Reached XP level 4. HP: 24/37 MP: 4/4
  1531 | D:2      | Found a bloodstained altar of Trog.
  1558 | D:2      | Found an ancient bone altar of Kikubaaqudgha.
  1558 | D:2      | Found a sparkling altar of Nemelex Xobeh.
  1853 | D:2      | Reached skill level 5 in Dodging
  2195 | D:2      | Reached XP level 5. HP: 41/42 MP: 5/5
  2530 | D:3      | Noticed Ijyb
  2565 | D:3      | Killed Ijyb
  2565 | D:3      | Reached skill level 5 in Long Blades
  3427 | D:3      | Reached XP level 6. HP: 45/48 MP: 6/6
  3450 | D:3      | Killed from afar by an orc priest

Levels and vault maps discovered:
D:1:      lightli_arrival_statue_moat, layout_basic, grunt_decor_mini_mirrors
D:2:      layout_loops_ring, lemuel_round_altar, minitemple
D:3:      layout_basic, uniq_ijyb
D:4:      layout_loops_ring, tso_altar

Skill      XL: |  1  2  3  4  5 |
---------------+----------------+-----
Long Blades    | 4 5 |  5.4
Dodging        | 5 |  5.4
Fighting       | 4 |  4.3
Throwing       | |  0.4
Stealth        | |  2.8

Action                   |  1- 3 |  4- 6 || total
-------------------------+-------+-------++-------
Melee: Falchion          |    98 |   187 ||   285
Throw: Stone             |       |    17 ||    17
 Stab: Sleeping          |     5 |     5 ||    10
       Distracted        |       |     1 ||     1
  Eat: Chunk             |     1 |     8 ||     9
Armor: Robe              |    23 |    38 ||    61
Dodge: Dodged            |    88 |   160 ||   248
       Rpst.: Falchion   |    24 |    43 ||    67

Table legend:
 A = Non-vault XP
 B = Vault XP
 C = Vault XP percentage of total XP
 D = Non-vault monster count
 E = Vault monster count
 F = Vault count percentage of total count
                 A         B        C        D         E       F
            +---------+---------+-------+---------+---------+-------
      Total |     285 |      35 |  10.9 |      83 |       1 |   1.2
            +---------+---------+-------+---------+---------+-------
        D:1 |      47 |       0 |   0.0 |      23 |       0 |   0.0
        D:2 |     127 |       0 |   0.0 |      41 |       0 |   0.0
        D:3 |      98 |      35 |  26.3 |      18 |       1 |   5.3
        D:4 |      13 |       0 |   0.0 |       1 |       0 |   0.0
            +---------+---------+-------+---------+---------+-------
